 Dungeon Crawl Stone Soup version 0.26-a0-665-gefeb406119 (webtiles) character file.

Game seed: 8964580370187558831

137188 dickylongcocking the Green Death (level 17, -12/163 HPs)
             Began as a Naga Venom Mage on Oct 10, 2020.
             Was a High Priest of Fedhas.
             Mangled by a salamander
             ... wielding a +1 glaive of freezing
              (13 damage)
             ... on level 4 of the Snake Pit on Oct 14, 2020.
             The game lasted 01:01:00 (50390 turns).

dickylongcocking the Green Death (Naga Venom Mage) Turns: 50390, Time: 01:01:01

Health: -12/163    AC: 20    Str: 11    XL:     17   Next: 23%
Magic:  25/33      EV: 14    Int: 26    God:    Fedhas [*****.]
Gold:   607        SH:  4    Dex: 20    Spells: 22/40 levels left

rFire    . . .     SeeInvis +   U - +9 longbow (flame)
rCold    . . .     Faith    +   (shield currently unavailable)
rNeg     . . .     Spirit   .   V - +4 ring mail "Atsikeej" {rElec Dex+3}
rPois    +         Reflect  .   (no helmet)
rElec    +         Harm     .   y - +0 cloak
rCorr    .         Rampage  .   e - +2 pair of gloves {Dex+3}
MR       ++...     Rnd*Tele +   (no barding)
Stlth    ++........             a - amulet of faith
HPRegen  0.37/turn              q - +6 ring of intelligence
MPRegen  0.23/turn              l - +4 ring of evasion

@: lethally poisoned (-12 -> -45), studying Spellcasting, very slow
A: large, icy blue scales 1, large bone plates 1, see invisible, agile 1,
deformed body, poison resistance, screaming 1, slowness 2, spit poison 1,
teleportitis 1, weak 1, constrict 1, AC +5
a: Spit Poison, Wall of Briars, Grow Ballistomycete, Overgrow, Grow Oklob,
Renounce Religion


You were on level 4 of the Snake Pit.
You worshipped Fedhas.
Fedhas was extremely pleased with you.
You visited 6 branches of the dungeon, and saw 29 of its levels.

You collected 2793 gold pieces.
You spent 2186 gold pieces at shops.

Inventory:

Hand Weapons
 J - the +7 quick blade "Killer Bee's Foe" {drain, rElec Str+4}
   (You bought it in a shop on level 2 of the Orcish Mines)

   A truly terrible weapon, it drains the life of those it strikes.
   It affects your strength (+4).
   It insulates you from electricity.
 U - a +9 longbow of flaming (weapon)
Missiles
 W - 448 arrows (quivered)
Armour
 b - a +2 leather armour of fire resistance
 e - a +2 pair of gloves of dexterity (worn)
 k - a +0 ring mail
 y - a +0 cloak (worn)
 H - the +1 ring mail "Hont" {rF- Str+4 Dex+3}
   (You found it on level 1 of the Snake Pit)

   It affects your strength (+4).
   It affects your dexterity (+3).
   It makes you vulnerable to fire.
 P - a +9 plate armour of ponderousness
 V - the +4 ring mail "Atsikeej" (worn) {rElec Dex+3}
   (You bought it in a shop on level 2 of the Orcish Mines)

   It affects your dexterity (+3).
   It insulates you from electricity.
Jewellery
 a - an amulet of faith (around neck)
 l - a +4 ring of evasion (right hand)
 n - an uncursed ring of protection from magic
 p - the ring "Riocawnu" {+Fly Int+6}
   (You took it off a naga warrior on level 1 of the Snake Pit)

   [ring of flight]

   It affects your intelligence (+6).
   It lets you fly.
 q - a +6 ring of intelligence (left hand)
 s - an uncursed ring of flight
 O - the ring "Kufrugh" {+Blink rN+}
   (You found it on level 2 of the Lair of Beasts)

   [ring of positive energy]

   It protects you from negative energy.
   It lets you blink.
Wands
 A - a wand of random effects (2)
 C - a wand of digging (14)
 D - a wand of flame (31)
 N - a wand of paralysis (9)
 T - a wand of acid (41)
Scrolls
 c - 5 scrolls of amnesia
 d - 5 scrolls of magic mapping
 f - 2 scrolls of torment
 g - 5 scrolls of remove curse
 h - 8 scrolls of identify
 j - 3 scrolls of enchant weapon
 m - 6 scrolls of fog
 u - 9 scrolls of teleportation
 I - 4 scrolls of vulnerability
 K - a scroll of acquirement
 M - 3 scrolls of holy word
 Q - a scroll of immolation
Potions
 r - 9 potions of lignification
 t - 8 potions of curing
 w - a potion of invisibility
 x - 7 potions of stabbing
 E - 3 potions of brilliance
 F - 3 potions of flight
 G - 3 potions of berserk rage
 L - a potion of haste
 R - 3 potions of magic
 S - a potion of heal wounds
Books
 B - a manual of Spellcasting
Miscellaneous
 o - a condenser vane (2/2)
 z - a phantom mirror


   Skills:
 - Level 13.0 Fighting
 - Level 5.2 Short Blades
 * Level 8.6 Bows
 * Level 6.8 Armour
 * Level 4.1 Dodging
 - Level 3.0 Stealth
 * Level 12.4 Spellcasting
 - Level 3.5 Hexes
 - Level 3.5 Translocations
 - Level 7.0 Transmutations
 - Level 3.0 Fire Magic
 - Level 4.0 Air Magic
 - Level 12.0 Poison Magic
 * Level 14.5 Invocations
 - Level 8.0 Evocations


You had 22 spell levels left.
You knew the following spells:

 Your Spells              Type           Power        Failure   Level
a - Sting                 Tmut/Pois      ####         1%          1
b - Blink                 Tloc           N/A          2%          2
d - Olgreb's Toxic Radia  Pois           ######..     1%          4
i - Ignite Poison         Fire/Tmut/Pois ######..     1%          3
p - Poisonous Vapours     Pois/Air       ######       1%          2
x - Mephitic Cloud        Conj/Pois/Air  #####...     2%          3
P - Portal Projectile     Hex/Tloc       ####..       5%          3

Your spell library contained the following spells:

 Spells                   Type           Power        Failure   Level
 Corona                   Hex            ####...      1%          1
 Slow                     Hex            ####....     2%          2
 Swiftness                Air            #####...     2%          2
 Shock                    Conj/Air       ####         3%          1
 Foxfire                  Conj/Fire      ###.         4%          1
 Ensorcelled Hibernation  Hex/Ice        ####..       5%          2
 Confusing Touch          Hex            ####....     5%          3
 Tukima's Dance           Hex            ####....     5%          3
 Inner Flame              Hex/Fire       ####....     6%          3
 Freeze                   Ice            ###.         8%          1
 Magic Dart               Conj           ###.         8%          1
 Summon Small Mammal      Summ           ###.         8%          1
 Static Discharge         Conj/Air       ####....     10%         3
 Dazzling Flash           Conj/Hex       ####..       11%         3
 Summon Guardian Golem    Hex/Summ       ####....     11%         3
 Call Imp                 Summ           ###.....     12%         2
 Conjure Flame            Conj/Fire      ###.....     12%         3
 Airstrike                Air            #####.....   14%         4
 Cause Fear               Hex            ####......   19%         4
 Call Canine Familiar     Summ           ###.....     22%         3
 Frozen Ramparts          Ice            ###...       22%         3
 Ozocubu's Armour         Ice            ###.....     22%         3
 Summon Lightning Spire   Summ/Air       ####....     32%         4
 Leda's Liquefaction      Hex/Erth       ####......   36%         4
 Sticky Flame             Conj/Fire      ###.....     38%         4
 Hailstorm                Conj/Ice       ###.....     58%         4
 Summon Ice Beast         Ice/Summ       ###.....     58%         4
 Lightning Bolt           Conj/Air       ####......   67%         5
 Fireball                 Conj/Fire      ###.......   75%         5


Dungeon Overview and Level Annotations

Branches:
Dungeon (15/15)            Temple (1/1) D:6            Lair (6/6) D:10
  Swamp (1/4) Lair:3        Snake (4/4) Lair:2        Slime (0/5) Lair:5
    Orc (2/2) D:9             Elf (0/3) Orc:2        Vaults (0/5) D:13
 Depths (0/5) D:15

Altars:
Ashenzari
Cheibriados
Dithmenos
Elyvilon
Fedhas
Gozag
Hepliaklqana
Kikubaaqudgha
Makhleb
Nemelex Xobeh
Okawaru
Qazlal
Ru
Sif Muna
Trog
Uskayaw
Vehumet
Wu Jian
Xom
Yredelemnul
Zin
The Shining One
Beogh

Shops:
D:15 *   Orc:2 (:*!   Snake:1 *}:   Snake:3 (


Innate Abilities, Weirdness & Mutations

You cannot wear boots.
Your serpentine skin is tough. (AC +5)
You have supernaturally acute eyesight. (SInv)
Armour fits poorly on your strangely shaped body.
Your system is resistant to poisons. (rPois)
You cover ground very slowly.
You can spit poison.
You can use your snake-like lower body to constrict enemies.
You are partially covered in icy blue scales. (AC +2)
You are partially covered in large bone plates. (SH +4)
You are agile. (Dex +2)
You occasionally shout uncontrollably at your foes.
You are occasionally teleported next to monsters.
You are weak. (Str -2)


Message History

You resist.
* * * LOW HITPOINT WARNING * * *
Your oklob plant spits acid at the salamander.
The splash of acid hits the salamander.
The salamander is splashed with acid.
The acid corrodes the salamander!
There is a stone staircase leading up here.
Unknown command.
Unknown command.
Unknown command.
* * * LOW HITPOINT WARNING * * *
You feel very sick. The naga mage completely misses you.
Your oklob plant spits acid at the salamander.
The splash of acid hits the nagaraja.
The nagaraja is splashed with acid.
The acid corrodes the nagaraja!
The salamander hits you from afar with a +1 glaive of freezing.
* * * LOW HITPOINT WARNING * * *
You are engulfed in flames!
You die...
Fedhas appreciates your contribution to the ecosystem.

#...##.. ..
....... .N.
#.....###.#
......N..(.# ..
........# #.
.......#
#.###.N....##.
##.#(..........
#(.#.†N@.......
#.NP.NP.##.....
#....#..(###
#S..
#(N(....### ..
....##### ###


You could see a naga warrior, a nagaraja (fast, corroded), 2 salamanders, a
shock serpent (wandering), 2 naga magi and a friendly oklob plant (summoned,
very poisoned).

Vanquished Creatures
  Rupert (Lair:3)
  A nagaraja (Snake:3)
  Aizul (Snake:3)
  A stone giant (Orc:1)
  Nessos (Lair:4)
  A dire elephant (D:15)
  Azrael (Orc:2)
  An ettin (D:13)
  2 boulder beetles
  A great orb of eyes (D:15)
  7 naga warriors
  6 anacondas
  Harold (Lair:2)
  6 hydras
  2 centaur warriors (D:12)
  A catoblepas (Lair:3)
  10 two-headed ogres
  An ogre mage (D:15)
  A two-headed ogre (shapeshifter) (D:13)
  3 death yaks (Lair:6)
  A queen ant (Lair:3)
  4 orc high priests
  9 naga sharpshooters
  3 tengu warriors
  2 shock serpents
  An iron troll (D:13)
  A salamander mystic (Snake:3)
  4 naga ritualists
  An unseen horror (D:12)
  A lindwurm (Lair:6)
  7 orc knights
  A wolf spider (D:15)
  A deep elf mage (D:14)
  6 orc sorcerers
  5 mana vipers
  A salamander (shapeshifter) (D:13)
  4 salamanders
  Joseph (D:9)
  2 manticores
  4 cyclopes
  5 ugly things
  19 elephants
  A guardian serpent (shapeshifter) (D:13)
  8 naga magi
  29 black mambas
  3 gargoyles
  10 cane toads
  A cane toad (shapeshifter) (D:13)
  11 komodo dragons
  4 rime drakes
  A tengu conjurer (D:15)
  11 polar bears
  7 slime creatures
  8 trolls
  4 hornets (Lair:6)
  22 blink frogs
  4 dream sheep (Lair:5)
  Sigmund (D:5)
  5 wyverns
  A wraith (D:15)
  A vampire (D:10)
  4 redbacks (D:15)
  A tarantella (D:15)
  35 yaks
  4 basilisks
  10 spriggans (Lair:6)
  3 fire elementals (Orc:2)
  7 vampire mosquitoes
  Menkaure (D:5)
  3 wargs
  2 soldier ants (Lair:3)
  21 nagas
  Duvessa (D:6)
  23 water moccasins
  3 hell hounds (Orc:2)
  4 black bears
  2 sky beasts
  23 orc warriors
  2 eyes of draining
  A phantom (D:12)
  3 ice beasts
  48 wolves
  A necrophage (D:8)
  18 ogres
  5 boggarts (Lair:6)
  14 centaurs
  Blork the orc (D:5)
  2 big kobolds
  12 bullfrogs
  A wyvern zombie (D:11)
  A scorpion (D:13)
  A water moccasin skeleton (D:4)
  Dowan (D:6)
  A killer bee (D:8)
  3 vampire bats (Lair:6)
  9 wights
  A crimson imp (D:5)
  6 centaur zombies
  2 bullfrog zombies
  2 quasits
  7 hounds
  11 jellies
  17 orc priests
  5 centaur skeletons
  2 bullfrog skeletons
  Jessica (D:3)
  Ijyb (D:5)
  18 worker ants
  2 iguanas
  20 orc wizards
  A hound zombie (D:10)
  A hound skeleton (D:6)
  A worker ant zombie (D:8)
  19 adders
  3 gnolls (D:4)
  A shadow imp (D:5)
  A white imp (D:8)
  5 ufetubi
  2 oozes
  An adder zombie (D:4)
  2 adder skeletons
  A worm (D:2)
  2 dart slugs
  5 leopard geckos
  65 orcs
  3 giant cockroaches
  7 goblins
  8 hobgoblins
  16 jackals
  5 quokkas
  2 ball pythons
  A ball python zombie (D:3)
  12 bats
  4 frilled lizards
  2 jackal zombies (D:6)
  21 kobolds
  A quokka skeleton (D:9)
  A quokka zombie (D:6)
  3 rats
826 creatures vanquished.

Vanquished Creatures (collateral kills)
  A naga warrior (Snake:3)
  An anaconda (Snake:2)
  A salamander (Snake:3)
  2 guardian serpents
  4 black mambas
  A naga mage (Snake:3)
  5 nagas
  A kobold (D:11)
  9 ballistomycete spores
25 creatures vanquished.

Vanquished Creatures (others)
  A troll (D:8)
  A hound (D:8)
  An iguana (D:8)
  A worker ant (D:8)
  An adder (D:8)
  An orc (D:8)
  5 ballistomycete spores
  A bush (Lair:2)
  81 fungi
  92 plants
185 creatures vanquished.

Grand Total: 1036 creatures vanquished

Notes
Turn   | Place    | Note
-------+----------+-------------------------------------------
     0 | D:1      | dickylongcocking the Naga Venom Mage began the quest for
                  | the Orb.
     0 | D:1      | Reached XP level 1. HP: 15/15 MP: 3/3
   273 | D:1      | Reached XP level 2. HP: 20/22 MP: 0/5
   315 | D:1      | Reached skill level 5 in Poison Magic
   814 | D:1      | Reached XP level 3. HP: 28/28 MP: 4/6
   982 | D:1      | Upgraded the game from 0.26-a0-663-g36e8fdb655 to
                  | 0.26-a0-665-gefeb406119
  1797 | D:2      | Learned a level 2 spell: Poisonous Vapours
  1801 | D:2      | Learned a level 3 spell: Ignite Poison
  2069 | D:2      | Reached XP level 4. HP: 37/37 MP: 4/7
  2112 | D:2      | Found a faded altar of an unknown god.
  2146 | D:2      | Reached skill level 1 in Fighting
  3107 | D:3      | Reached XP level 5. HP: 34/45 MP: 2/8
  3224 | D:3      | Found a hazy altar of Hepliaklqana.
  3941 | D:3      | Noticed Jessica
  3944 | D:3      | Killed Jessica
  4210 | D:4      | Found a bloodstained altar of Trog.
  4311 | D:4      | Reached XP level 6. HP: 56/56 MP: 0/9
  4597 | D:4      | Found a transporter.
  4598 | D:4      | Found a transporter.
  4599 | D:4      | Noticed an ice beast
  4690 | D:4      | Found an ornate altar of the Wu Jian Council.
  4772 | D:4      | Found a broken altar of Ashenzari.
  5048 | D:4      | Found a glowing silver altar of Zin.
  5624 | D:5      | Entered Level 5 of the Dungeon
  5706 | D:5      | Noticed an ice beast
  5710 | D:5      | Killed an ice beast
  5710 | D:5      | Reached XP level 7. HP: 64/64 MP: 1/10
  6078 | D:5      | Learned a level 4 spell: Olgreb's Toxic Radiance
  6885 | D:5      | Found a sacrificial altar of Ru.
  6898 | D:5      | Noticed Ijyb
  6902 | D:5      | Killed Ijyb
  6984 | D:5      | Noticed Menkaure
  6986 | D:5      | Noticed Blork the orc
  6995 | D:5      | Killed Menkaure
  6995 | D:5      | Reached skill level 5 in Fighting
  6999 | D:5      | Killed Blork the orc
  6999 | D:5      | Reached XP level 8. HP: 63/74 MP: 0/12
  7153 | D:5      | Noticed Sigmund
  7156 | D:5      | Killed Sigmund
  7404 | D:5      | Found a burning altar of Makhleb.
  7405 | D:5      | Found a radiant altar of Vehumet.
  7825 | D:6      | Found a white marble altar of Elyvilon.
  8143 | D:6      | Noticed Dowan
  8143 | D:6      | Noticed Duvessa
  8154 | D:6      | Killed Dowan
  8154 | D:6      | Reached skill level 10 in Poison Magic
  8159 | D:6      | Killed Duvessa
  8774 | D:6      | Found a staircase to the Ecumenical Temple.
  8854 | Temple   | Entered the Ecumenical Temple
  8888 | Temple   | Became a worshipper of Fedhas Madash
  8926 | D:6      | Reached XP level 9. HP: 85/85 MP: 9/15
  9113 | D:6      | Found a snail-covered altar of Cheibriados.
  9113 | D:6      | Found a stormy altar of Qazlal.
  9808 | D:7      | Found an opulent altar of Gozag.
  9880 | D:7      | Reached skill level 5 in Spellcasting
 10326 | D:8      | Killed a troll
 10341 | D:8      | Learned a level 3 spell: Mephitic Cloud
 10837 | D:8      | Found a shimmering altar of Xom.
 11323 | D:8      | Reached * piety under Fedhas
 12086 | D:9      | Noticed a two-headed ogre
 12090 | D:9      | Killed a two-headed ogre
 12090 | D:9      | Reached skill level 1 in Fire Magic
 12090 | D:9      | Reached skill level 2 in Invocations
 12090 | D:9      | Reached XP level 10. HP: 96/96 MP: 7/19
 12304 | D:9      | Learned a level 2 spell: Blink
 12331 | D:9      | Found a staircase to the Orcish Mines.
 12344 | D:9      | Gained mutation: You are weak. (Str -2) [potion of
                  | mutation]
 12344 | D:9      | Gained mutation: You are partially covered in large bone
                  | plates. (SH +4) [potion of mutation]
 12396 | D:9      | Noticed a cyclops
 12619 | D:9      | Killed a cyclops
 12619 | D:9      | Reached skill level 3 in Invocations
 12895 | D:9      | Reached ** piety under Fedhas
 13399 | D:9      | Found an opulent altar of Gozag.
 13401 | D:9      | Noticed Joseph
 13406 | D:9      | Killed Joseph
 13543 | D:9      | Reached skill level 4 in Invocations
 13712 | D:9      | Noticed a two-headed ogre
 13718 | D:9      | Killed a two-headed ogre
 14091 | D:9      | Noticed a two-headed ogre
 14095 | D:9      | Killed a two-headed ogre
 14095 | D:9      | Reached skill level 5 in Invocations
 14095 | D:9      | Reached XP level 11. HP: 106/106 MP: 6/22
 14440 | D:10     | Entered Level 10 of the Dungeon
 15024 | D:10     | Reached skill level 1 in Air Magic
 15028 | D:10     | Found a staircase to the Lair.
 15252 | D:10     | Noticed a two-headed ogre
 15257 | D:10     | Killed a two-headed ogre
 15257 | D:10     | Reached skill level 5 in Transmutations
 15579 | D:11     | Noticed a manticore
 15584 | D:11     | Killed a manticore
 15870 | Orc:1    | Entered Level 1 of the Orcish Mines
 15891 | Orc:1    | Noticed a stone giant
 15897 | Orc:1    | Killed a stone giant
 15897 | Orc:1    | Reached skill level 6 in Invocations
 16101 | Orc:1    | Found a dark tunnel.
 16147 | Orc:2    | Entered Level 2 of the Orcish Mines
 16331 | Orc:2    | Noticed an orc knight
 16338 | Orc:2    | Killed an orc knight
 16338 | Orc:2    | Reached skill level 10 in Fighting
 16627 | Orc:2    | Found a staircase to the Elven Halls.
 16640 | Orc:2    | Reached *** piety under Fedhas
 16989 | Orc:2    | Reached skill level 7 in Invocations
 17007 | Orc:1    | Reached XP level 12. HP: 108/116 MP: 13/24
 17012 | Orc:1    | Noticed an orc high priest
 17068 | Orc:1    | Gained mutation: Your spells are a little easier to cast,
                  | but a little less powerful. [a neqoxec]
 17069 | Orc:1    | Killed an orc high priest
 17130 | Orc:2    | Reached skill level 8 in Invocations
 17460 | Orc:2    | Found a roughly hewn altar of Beogh.
 17605 | Orc:2    | Found Jiteboma's Distillery.
 17607 | Orc:2    | Noticed an orc high priest
 17611 | Orc:2    | Reached **** piety under Fedhas
 17612 | Orc:2    | Killed an orc high priest
 17834 | Orc:2    | Noticed an orc high priest
 17837 | Orc:2    | Killed an orc high priest
 17867 | Orc:2    | Reached skill level 9 in Invocations
 17875 | Orc:2    | Noticed an orc high priest
 17882 | Orc:2    | Killed an orc high priest
 18036 | Orc:2    | Reached skill level 10 in Spellcasting
 18041 | Orc:2    | Noticed Azrael
 18776 | Orc:2    | Gained mutation: You can use your snake-like lower body to
                  | constrict enemies. [Naga growth]
 18776 | Orc:2    | Reached XP level 13. HP: 81/127 MP: 19/27
 18779 | Orc:2    | Killed Azrael
 19309 | Orc:2    | Found Joofatol's Antique Weapon Boutique.
 19310 | Orc:2    | Found Kiyrphel's Book Emporium.
 19311 | Orc:2    | Found Baceokaf's Assorted Antiques.
 19328 | Orc:2    | Bought a scroll of blinking for 187 gold pieces
 19342 | Orc:2    | Bought a fine quick blade for 500 gold pieces
 19342 | Orc:2    | Identified the +7 quick blade "Killer Bee's Foe" {drain,
                  | rElec Str+4} (You bought it in a shop on level 2 of the
                  | Orcish Mines)
 19820 | Lair:1   | Entered Level 1 of the Lair of Beasts
 19931 | Lair:1   | Reached skill level 1 in Short Blades
 19936 | Lair:1   | Reached skill level 10 in Invocations
 20853 | Lair:1   | Reached skill level 1 in Armour
 20966 | Lair:2   | Noticed Harold
 20975 | Lair:2   | Killed Harold
 21463 | Lair:2   | Found a staircase to the Snake Pit.
 21867 | Lair:2   | Got a crude bronze ring
 23007 | Lair:3   | Noticed Rupert
 23018 | Lair:3   | Paralysed by Rupert for 2 turns
 23048 | Lair:3   | Found a staircase to the Swamp.
 23829 | Lair:3   | Reached skill level 1 in Evocations
 24288 | Lair:3   | Reached XP level 14. HP: 136/139 MP: 28/28
 24507 | Lair:3   | Killed Rupert
 24972 | Lair:3   | Reached skill level 11 in Invocations
 25796 | Lair:4   | Reached ***** piety under Fedhas
 25801 | Lair:4   | Reached skill level 5 in Short Blades
 26161 | Lair:4   | Found an opulent altar of Gozag.
 26245 | Lair:4   | Noticed Nessos
 26254 | Lair:4   | Killed Nessos
 27377 | Lair:4   | Learned a level 3 spell: Portal Projectile
 27495 | Lair:5   | Reached skill level 1 in Bows
 28462 | Lair:5   | Found a staircase to the Slime Pits.
 28851 | Lair:5   | Lost mutation: Your spells are a little easier to cast, but
                  | a little less powerful. [potion of mutation]
 28851 | Lair:5   | Gained mutation: You tend to lose your temper in combat.
                  | [potion of mutation]
 28851 | Lair:5   | Gained mutation: You occasionally shout uncontrollably at
                  | your foes. [potion of mutation]
 28851 | Lair:5   | Gained mutation: You have a pair of small horns on your
                  | head. [potion of mutation]
 29293 | Lair:6   | Entered Level 6 of the Lair of Beasts
 29885 | Lair:6   | Reached XP level 15. HP: 95/147 MP: 5/30
 30359 | Lair:6   | Reached skill level 5 in Armour
 30423 | Lair:6   | Reached skill level 5 in Evocations
 30723 | Lair:6   | Reached skill level 12 in Invocations
 31034 | Lair:6   | Paralysed by a hornet for 2 turns
 31443 | Lair:6   | Identified the ring "Kufrugh" {+Blink rN+} (You found it on
                  | level 2 of the Lair of Beasts)
 32319 | D:11     | Reached ****** piety under Fedhas
 34188 | D:12     | Reached skill level 5 in Bows
 36035 | D:13     | Found a gate to the Vaults.
 36804 | D:14     | Reached skill level 13 in Invocations
 38164 | D:15     | Entered Level 15 of the Dungeon
 38269 | D:15     | Reached skill level 1 in Hexes
 38269 | D:15     | Reached skill level 1 in Translocations
 38371 | D:15     | Reached XP level 16. HP: 156/156 MP: 15/31
 39466 | D:15     | Found an opulent altar of Gozag.
 39469 | D:15     | Found Gozag's Platinum Reserve.
 40393 | D:15     | Found a staircase to the Depths.
 40853 | Snake:1  | Entered Level 1 of the Snake Pit
 42207 | Snake:1  | Identified the ring "Riocawnu" {+Fly Int+6}
 42831 | Snake:1  | Found Watualun's Book Shoppe.
 42831 | Snake:1  | Found Xiqoih's Gadget Emporium.
 42857 | Snake:1  | Bought a manual of Spellcasting for 1214 gold pieces
 42934 | Snake:1  | Reached skill level 14 in Invocations
 43127 | Snake:1  | Found Balodghe's Assorted Antiques.
 43478 | Snake:1  | Bought a scroll labeled ISUTYO QYWOSSO for 30 gold pieces
 43478 | Snake:1  | Bought a scroll labeled TOCROIQIAS for 30 gold pieces
 44004 | Snake:1  | Got a faintly humming ring mail
 44014 | Snake:1  | Identified the +1 ring mail "Hont" {rF- Str+4 Dex+3} (You
                  | found it on level 1 of the Snake Pit)
 45169 | Swamp:1  | Entered Level 1 of the Swamp
 45434 | Orc:2    | Bought a brightly glowing ring mail for 225 gold pieces
 45444 | Orc:2    | Identified the +4 ring mail "Atsikeej" {rElec Dex+3} (You
                  | bought it in a shop on level 2 of the Orcish Mines)
 47499 | Snake:3  | Noticed a nagaraja
 47527 | Snake:3  | Found a burning altar of Makhleb.
 47546 | Snake:3  | Reached XP level 17. HP: 125/163 MP: 33/33
 47793 | Snake:3  | Noticed Aizul
 47812 | Snake:3  | Killed Aizul
 49532 | Snake:3  | Lost mutation: You have a pair of small horns on your head.
                  | [potion of mutation]
 49532 | Snake:3  | Lost mutation: You tend to lose your temper in combat.
                  | [potion of mutation]
 49532 | Snake:3  | Lost mutation: You are weak. (Str -2) [potion of mutation]
 49532 | Snake:3  | Gained mutation: You are occasionally teleported next to
                  | monsters. [potion of mutation]
 49532 | Snake:3  | Gained mutation: You are partially covered in icy blue
                  | scales. (AC +2) [potion of mutation]
 49532 | Snake:3  | Gained mutation: You are weak. (Str -2) [potion of
                  | mutation]
 49532 | Snake:3  | Gained mutation: You are agile. (Dex +2) [potion of
                  | mutation]
 50234 | Snake:3  | Found Woklet's Weapon Boutique.
 50358 | Snake:4  | Entered Level 4 of the Snake Pit
 50389 | Snake:4  | HP: 7/163 [nagaraja/bolt of poison (7)]
 50390 | Snake:4  | HP: 1/163 [salamander/+1 glaive of freezing (4)]
 50390 | Snake:4  | Mangled by a salamander

Illustrated notes

Levels and vault maps discovered:
D:1:      scummos_arrival_hexagon, layout_basic, minmay_strange_pillars,
          minmay_vboxes
D:2:      layout_loops_ring, chequers_ecumenical_altar_simple,
          hangedman_decor_points
D:3:      layout_rooms, nicolae_overflow_hidden_temple, uniq_jessica
D:4:      layout_basic, gammafunk_temple_overflow_arena, lightli_temple_of_fire,
          grunt_temple_overflow_open, corexii_leaking_fountain
D:5:      layout_layer_cave, grunt_temple_overflow_lords_of_destruction,
          nicolae_ru_the_path_less_chosen, uniq_menkaure, uniq_sigmund,
          uniq_ijyb, uniq_blork_the_orc
D:6:      layout_cave_pools, lemuel_crystal_altar,
          amethyst_overflow_temple_binary, temple_green, uniq_duvessa
D:7:      layout_gridville, kennysheep_mini_moat
D:8:      layout_rooms, xom_confusion_cloud
D:9:      layout_stronghold, erik_orc_3, basic_altar, uniq_joseph
D:10:     layout_basic, david_lair_generic, nicolae_lava_and_water
D:11:     minmay_general_purpose_star, layout_basic
D:12:     layout_gridville, centaur_isle
D:13:     layout_roguey, david_vaults_4, minmay_misc_feat_roman
D:14:     layout_stronghold
D:15:     hangedman_depths_entry_try_elsewhere_first, layout_basic,
          nicolae_gozag_zags_fifth_avenue
Temple:   eino_temple_lava
Lair:1:   layout_gridlike, grunt_megastairs_5
Lair:2:   layout_chaotic_city, minmay_snake_entry_six_corridors, uniq_harold
Lair:3:   layout_cave_pods, swamp_mist, small_statue_intersection,
          minmay_another_anthill, uniq_rupert
Lair:4:   layout_hall_layers, basic_altar, uniq_nessos
Lair:5:   layout_small_grid, minmay_slime_entry_pillars, serial_bayou_shore_a
Lair:6:   minmay_lair_end_enchanted_forest, layout_small_grid, roderic_batcave
Swamp:1:  layout_falls_marsh, basic_altar, statue_in_the_mist_lemuel,
          uniq_louise, uniq_jorgrun
Snake:1:  layout_gridlike, serial_shops, shop, minmay_shoptagon
Snake:2:  layout_gridlike
Snake:3:  layout_cave_pods, basic_altar, serial_shops, shop, lemuel_fruit_tree,
          uniq_aizul
Snake:4:  snake_pit_salamanders_mu, layout_misc_corridors
Orc:1:    layout_diamond_mine, enter_volcano_2
Orc:2:    st_orc_elflike, layout_diamond_mine, basic_altar, uniq_azrael

Skill      XL: |  1  2  3  4  5  6  7  8  9 10 11 12 13 14 15 16 17 |
---------------+----------------------------------------------------+-----
Poison Magic   | 5 6 7 8 9 10 12 | 12.0
Fighting       | 2 3 4 5 6 8 9 10 11 12 13 | 13.0
Spellcasting   | 4 6 7 8 10 11 12 | 12.4
Transmutations | 2 4 5 6 7 |  7.0
Fire Magic     | 1 3 |  3.0
Invocations    | 2 5 7 9 10 11 13 14 | 14.5
Air Magic      | 4 |  4.0
Short Blades   | 4 5 |  5.2
Armour         | 2 4 5 6 |  6.8
Evocations     | 1 4 7 8 |  8.0
Bows           | 2 6 8 |  8.6
Hexes          | 1 3 |  3.5
Translocations | 1 3 |  3.5
Dodging        | 3 4 |  4.1
Stealth        | |  3.0

Action                   |  1- 3 |  4- 6 |  7- 9 | 10-12 | 13-15 | 16-18 || total
-------------------------+-------+-------+-------+-------+-------+-------++-------
Melee: Unarmed           |    13 |       |       |       |       |       ||    13
       Short sword       |    15 |   127 |    12 |       |       |       ||   154
       Club              |     3 |       |       |       |       |       ||     3
       Morningstar       |       |       |    43 |       |       |       ||    43
       Dagger            |       |       |    68 |    64 |       |       ||   132
       Whip              |       |       |    17 |       |       |       ||    17
       Quick blade       |       |       |       |       |   426 |    97 ||   523
       Constrict         |       |       |       |       |    74 |    21 ||    95
       Scimitar          |       |       |       |       |     8 |       ||     8
       Headbutt          |       |       |       |       |    11 |    28 ||    39
 Fire: Longbow           |       |       |       |       |   169 |   350 ||   519
 Cast: Sting             |    39 |    75 |    33 |    22 |    15 |     6 ||   190
       Poisonous Vapours |       |     2 |       |       |     2 |       ||     4
       Ignite Poison     |       |     4 |    45 |    89 |   197 |    62 ||   397
       Olgreb's Toxic Ra |       |       |    43 |    93 |   180 |    41 ||   357
       Mephitic Cloud    |       |       |     7 |     7 |    22 |    22 ||    58
       Portal Projectile |       |       |       |       |     6 |     2 ||     8
       Blink             |       |       |       |       |     1 |     2 ||     3
Invok: Wall of Briars    |       |       |       |     4 |     4 |    15 ||    23
       Grow Ballistomyce |       |       |       |     3 |     1 |     1 ||     5
       Grow Oklob        |       |       |       |       |       |     3 ||     3
 Abil: Spit Poison       |    19 |     2 |     1 |       |     1 |     1 ||    24
Evoke: Wand              |       |       |     9 |    10 |     6 |     6 ||    31
       Condenser vane    |       |       |       |       |     2 |     3 ||     5
       Phantom mirror    |       |       |       |       |       |     2 ||     2
  Use: Scroll            |     3 |     2 |     2 |     6 |    24 |    10 ||    47
       Potion            |       |     7 |     5 |     5 |     4 |     7 ||    28
 Stab: Sleeping          |     2 |     6 |     2 |       |     1 |       ||    11
       Paralysed         |       |       |     1 |       |       |       ||     1
Armor: Robe              |    10 |    62 |    54 |       |       |       ||   126
       Ring mail         |       |       |    29 |    37 |   269 |   138 ||   473
       Skin              |       |       |       |    38 |    10 |       ||    48
       Leather armour    |       |       |       |       |       |    35 ||    35
Dodge: Dodged            |    36 |   140 |   165 |    73 |   484 |   264 ||  1162
Block: Other             |       |       |       |    17 |   141 |    59 ||   217
       Rpst.: Scimitar   |       |       |       |       |     2 |       ||     2

Table legend: (Time is in decaauts)
 A = Elapsed time spent in this place.
 B = Non-inter-level travel time spent in this place.
 C = Inter-level travel time spent in this place.
 D = Time resting spent in this place.
 E = Time spent auto-exploring this place.
 F = Levels seen in this place.
 G = Mean time per level.
                   A        B        C        D        E       F      G
               +--------+--------+--------+--------+--------+-----+--------+
         Total |  58278 |  54039 |   4239 |  15983 |  31635 |  29 | 2009.6 |
       Dungeon |  30079 |  27526 |   2553 |   6094 |  18181 |  15 | 2005.3 |
        Temple |     60 |     49 |     11 |      0 |      0 |   1 |   60.0 |
          Lair |  14669 |  13560 |   1109 |   3322 |   8821 |   6 | 2444.8 |
         Swamp |      1 |      1 |      0 |      0 |      0 |   1 |    1.0 |
     Snake Pit |   8838 |   8645 |    193 |   4520 |   3011 |   4 | 2209.5 |
  Orcish Mines |   4629 |   4258 |    371 |   2046 |   1621 |   2 | 2314.5 |
               +--------+--------+--------+--------+--------+-----+--------+

Top non-repeatable levels by time:
 Snake:1: 4058 daAuts
   Orc:2: 3814 daAuts
  Lair:2: 3486 daAuts
 Snake:3: 3104 daAuts
     D:9: 2924 daAuts
     D:5: 2674 daAuts
  Lair:5: 2595 daAuts
  Lair:3: 2585 daAuts
     D:7: 2346 daAuts
  Lair:6: 2241 daAuts
    D:10: 2234 daAuts
    D:15: 2221 daAuts
  Lair:4: 2169 daAuts
    D:13: 2167 daAuts
    D:14: 2046 daAuts
